 Dungeon Crawl Stone Soup version 0.21.1-1-g345015f (webtiles) character file.

10409 Goblin1989 the Martial Artist (level 11, 0/80 (81) HPs)
             Began as a Demonspawn Transmuter on Mar 10, 2018.
             Was a Follower of Uskayaw.
             Slain by a yak (4 damage)
             ... on level 2 of the Lair of Beasts.
             The game lasted 00:38:46 (16555 turns).

Goblin1989 the Martial Artist (DsTm)               Turns: 16555, Time: 00:38:46

HP:   0/80 (81)     AC:  9    Str: 13    XL:     11   Next: 35%
MP:   20/23         EV:  2    Int: 22    God:    Uskayaw [*.....]
Gold: 302           SH:  0    Dex: 13    Spells: 14/26 levels left

rFire    + . .     SeeInvis .     - Unarmed
rCold    . . .     Gourm    .   (no shield)
rNeg     + + +     Faith    .   O - +0 ring mail
rPois    ∞         Spirit   .   v - +2 hat
rElec    .         Reflect  .   Q - +0 cloak
rCorr    .         Harm     .   b - +0 pair of gloves
MR       .....                  (no boots)
Stlth    ++........             r - amulet of regeneration
HPRegen  0.63/turn              V - +6 ring of intelligence
MPRegen  0.18/turn              f - ring of protection from fire

@: petrified, very slightly contaminated, repel missiles
A: horns 1, repulsion field 3, demonic guardian 1, nightstalker 1
a: Stomp, Renounce Religion


You were on level 2 of the Lair of Beasts.
You worshipped Uskayaw.
Uskayaw was noncommittal.
You were hungry.

You visited 2 branches of the dungeon, and saw 13 of its levels.

You collected 722 gold pieces.
You spent 420 gold pieces at shops.

Inventory:

Hand Weapons
 o - a +0 arbalest
 F - a +0 short sword of protection
 Y - a +2 dagger of venom
Missiles
 a - 245 arrows
 k - 262 stones (quivered) {@Q3}
 l - 5 curare-tipped needles
 Z - a throwing net {!d , @Q1}
Armour
 b - a +0 pair of gloves (worn)
 q - a +1 robe of positive energy
 t - a +0 crystal plate armour
 v - a +2 hat (worn)
 A - a +0 plate armour
 J - a scarf of cloud immunity
 O - a +0 ring mail (worn)
 P - a +0 scale mail
 Q - a +0 cloak (worn)
Magical Staves
 w - an uncursed staff of poison
Jewellery
 f - a ring of protection from fire (right hand)
 r - an amulet of regeneration (around neck)
 u - an uncursed ring of positive energy
 x - an uncursed ring of stealth
 M - an uncursed ring of fire
 V - a +6 ring of intelligence (left hand)
Wands
 g - a wand of clouds (2)
 E - a wand of enslavement (15)
 I - a wand of iceblast (5)
Scrolls
 d - a scroll of enchant armour {unknown}
 i - 2 scrolls of amnesia {unknown}
 m - 2 scrolls of fear {unknown}
 p - 2 scrolls of brand weapon {unknown}
 y - 2 scrolls of immolation {unknown}
 B - a scroll of blinking
 C - a scroll of fog {unknown}
 G - 5 scrolls of remove curse {@r2}
 H - 3 scrolls of magic mapping {unknown}
 N - a scroll of torment {unknown}
 R - 2 scrolls of identify {@r1}
 S - 2 scrolls of random uselessness {unknown}
 T - 4 scrolls of teleportation {!r, @r3}
Potions
 h - 3 potions of curing {@q1}
 j - 3 potions of haste {@q3, !q}
 n - a potion of mutation {!q}
 z - 2 potions of ambrosia
 D - 2 potions of brilliance
 K - 3 potions of invisibility
 L - 4 potions of heal wounds {@q2, !q}
 U - 2 potions of lignification
 W - a potion of flight
 X - 3 potions of might
Books
 c - a book of Changes

   Spells                             Type                      Level
   a - Beastly Appendage              Transmutation                1
   b - Sticks to Snakes               Transmutation                2
   c - Spider Form                    Transmutation/Poison         3
   d - Ice Form                       Ice/Transmutation            4
   e - Blade Hands                    Transmutation                5
Miscellaneous
 s - a phial of floods
Comestibles
 e - 17 rations


   Skills:
 + Level 6.2 Fighting
 + Level 5.8 Dodging
 * Level 9.4 Unarmed Combat
 * Level 8.4 Spellcasting
 * Level 8.3 Transmutations


You had 14 spell levels left.
You knew the following spells:

 Your Spells              Type           Power        Failure   Level  Hunger
a - Beastly Appendage     Tmut           #####.       1%          1    None
b - Blade Hands           Tmut           #####.....   14%         5    #####..
c - Ice Form              Ice/Tmut       ####....     28%         4    ###....
d - Sticks to Snakes      Tmut           #####...     1%          2    None


Dungeon Overview and Level Annotations

Branches:
Dungeon (11/15)            Temple (0/1) D:5            Lair (2/6) D:9
    Orc (0/2) D:9
  Swamp: Lair:2-4    Shoals: Lair:2-4     Snake: Lair:2-4    Spider: Lair:2-4

Altars:
Kikubaaqudgha
Nemelex Xobeh
Trog
Uskayaw
Vehumet
Yredelemnul

Shops:
D:7 =

Annotations:
D:5 1 runed door
D:8 exclusion: Maurice, Maurice


Innate Abilities, Weirdness & Mutations

You have a pair of small horns on your head.
You are surrounded by a strong repulsion field. (EV +4, RMsl)
A weak demonic guardian rushes to your aid.
You are slightly more attuned to the shadows.


Message History

You regained 3 hp, and now have 73/80 hp.
A basilisk is nearby!
A basilisk is nearby!
The basilisk hisses angrily.
You hear a bellow!
The basilisk gazes at you. You resist with some effort.
You hear a bellow! x2
A yak comes into view. 2 yaks come into view.
You can no longer pass through a line of other dancers.
A yak comes into view.
Your transformation is almost over.
The basilisk gazes at you. You resist with some effort.
The yak moves out of view.
You swap places.
The basilisk hisses menacingly.
The basilisk gazes at you.
You are slowing down.
Unknown command.
Unknown command.
Unknown command.
Unknown command.
Unknown command.
Your iron imp barely misses the basilisk.
The yak barely misses your iron imp. The basilisk gazes at you.
You resist with some effort.
Your limbs are stiffening.
Unknown command.
Unknown command.
Your iron imp barely misses the basilisk.
You have turned to stone.
The yak gores you!
The basilisk bites you but does no damage.
Your iron imp hits the yak!
The basilisk bites you!
The yak gores you but does no damage. x2
A yak comes into view.
The basilisk barely misses you. The yak gores you! x2
Your iron imp misses the basilisk.
The yak gores you!
Your hands revert to their normal proportions.
Your +0 pair of gloves unmelds from your body.
The basilisk bites you. The yak gores you but does no damage.
The yak completely misses you. The yak gores you! The basilisk gazes at you.
The yak gores you!
Your iron imp hits the basilisk!
The yak gores you but does no damage. x2
The basilisk gazes at you. The yak gores you but does no damage.
The yak closely misses your iron imp.
Your iron imp misses the basilisk.
The yak gores you but does no damage. The yak completely misses you.
The basilisk bites you!
The yak gores your iron imp but does no damage.
The yak gores you.
Your iron imp hits the basilisk.
The yak gores you.
You turn to flesh and can move again.
You take 36 damage, and have 41/80 hp.
MASSIVE DAMAGE!!
You regained 2 mp, and now have 18/23 mp.
The basilisk gazes at you.
You are slowing down.
The yak gores your iron imp.
Your iron imp closely misses the basilisk.
Unknown command.
Your iron imp disappears in a puff of smoke!
The yak completely misses you.
Your limbs are stiffening.
The yak gores you.
You have turned to stone.
The yak gores you!
* * * LOW HITPOINT WARNING * * *
The yak gores you.
* * * LOW HITPOINT WARNING * * *
The yak gores you.
* * * LOW HITPOINT WARNING * * *
The yak gores you.
* * * LOW HITPOINT WARNING * * *
The yak gores you!
* * * LOW HITPOINT WARNING * * *
The yak gores you!
* * * LOW HITPOINT WARNING * * *
The yak gores you.
* * * LOW HITPOINT WARNING * * *
The yak barely misses you. The yak gores you but does no damage.
Your ufetubus barely misses the yak.
Your ufetubus hits the yak but does no damage.
The yak gores you.
* * * LOW HITPOINT WARNING * * *
Your ufetubus hits the yak.
Your ufetubus barely misses the yak.
The yak barely misses you. The yak gores you.
* * * LOW HITPOINT WARNING * * *
The yak gores you but does no damage.
Your ufetubus barely misses the yak.
Your ufetubus hits the yak. The yak gores you.
* * * LOW HITPOINT WARNING * * *
Your ufetubus barely misses the yak.
Your ufetubus closely misses the yak.
The yak gores you but does no damage. The yak gores you!
* * * LOW HITPOINT WARNING * * *
Your ufetubus barely misses the yak.
Your ufetubus hits the yak but does no damage.
The yak completely misses you. The yak gores you!
* * * LOW HITPOINT WARNING * * *
The yak gores your ufetubus but does no damage.
Your ufetubus hits the yak. x2
The yak gores you!
You die...

............................
...................████.P█..
.................███ █...█..
██......██.█......█ ....█...
.......████.█....██.........
.█....█.................██..
............█5...█......██..
.█....█....█Y.....▲..
.P........5@Yl....█..
......█P.███YY.....█
......██.███Y....P█.
...................
..................
................
................
█.██...██.....█P █
█..██......█


You could see 5 yaks, a basilisk, a friendly iron imp and a friendly ufetubus.

Vanquished Creatures
  A hydra (Lair:1)
  2 two-headed ogres
  Psyche (D:9)
  A komodo dragon (Lair:1)
  2 hippogriffs
  2 wraiths (D:10)
  A wyvern (D:10)
  8 yaks
  A hungry ghost (D:10)
  A water moccasin (Lair:1)
  6 porcupines
  4 ice beasts
  2 orc warriors
  3 phantoms
  An eye of draining (D:9)
  5 sky beasts
  A black bear (D:7)
  A necrophage (D:4)
  4 ogres
  4 wolves (Lair:1)
  4 centaurs
  A big kobold (D:4)
  A wyvern zombie (D:6)
  8 bullfrogs
  14 wights
  A howler monkey (D:8)
  3 crimson imps
  2 jellies
  2 centaur zombies
  2 orc priests
  2 centaur skeletons
  3 hounds
  5 orc wizards
  Jessica (D:2)
  A gnoll shaman (D:6)
  5 worker ants
  A worker ant zombie (D:7)
  6 gnolls
  11 adders
  2 shadow imps
  An adder zombie (D:5)
  2 adder skeletons
  3 dart slugs
  The ghost of letownia2 the Magician, a weakling MfWz (D:3)
  5 leopard geckos
  19 orcs
  5 giant cockroaches
  9 goblins
  5 hobgoblins
  2 jackals (D:3)
  14 kobolds
  5 quokkas
  3 ball pythons
  4 bats
  8 frilled lizards
  A giant cockroach zombie (D:5)
  A leopard gecko zombie (D:8)
  A quokka skeleton (D:10)
  5 rats (D:1)
220 creatures vanquished.

Vanquished Creatures (collateral kills)
  A troll (D:8)
  A basilisk (Lair:1)
  An ice beast (D:5)
  A black bear (D:6)
  2 orc warriors (D:6)
  A wolf (Lair:1)
  An ogre (D:5)
  2 centaurs
  3 crimson imps
  An orc wizard (D:6)
  2 worker ants (D:6)
  A gnoll (D:6)
  2 adders
  2 shadow imps
  5 orcs
  A giant cockroach (D:6)
  A ball python zombie (D:6)
  A fungus (D:9)
29 creatures vanquished.

Vanquished Creatures (others)
  An orc priest (D:5)
  An orc (D:5)
  A jackal zombie (D:5)
3 creatures vanquished.

Grand Total: 252 creatures vanquished

Notes
Turn   | Place    | Note
-------+----------+-------------------------------------------
     0 | D:1      | Goblin1989 the Demonspawn Transmuter began the quest for the Orb.
     0 | D:1      | Reached XP level 1. HP: 15/15 MP: 3/3
   407 | D:1      | Reached skill level 3 in Unarmed Combat
   729 | D:1      | Gained mutation: You are surrounded by a mild repulsion field. (EV +2) [demonic ancestry]
   729 | D:1      | Reached XP level 2. HP: 18/21 MP: 5/5
  1359 | D:1      | Goblin1989: !lg . -log
  1359 | D:1      | beem: 2370. Goblin1989, XL27 CeHu, T:82155: https://crawl.xtahua.com/crawl/morgue/Goblin1989/morgue-Goblin1989-20180310-020606.txt
  1818 | D:2      | Gained mutation: You are surrounded by a moderate repulsion field. (EV +3) [demonic ancestry]
  1818 | D:2      | Reached XP level 3. HP: 18/26 MP: 6/6
  1967 | D:2      | Reached skill level 4 in Unarmed Combat
  2344 | D:2      | Found a bloodstained altar of Trog.
  2344 | D:2      | Found a radiant altar of Vehumet.
  2345 | D:2      | Found a hide-covered altar of Uskayaw.
  2352 | D:2      | Became a worshipper of Uskayaw the Reveler
  2457 | D:2      | Found a basalt altar of Yredelemnul.
  2514 | D:2      | Reached * piety under Uskayaw
  2594 | D:2      | Noticed Jessica
  2599 | D:2      | Killed Jessica
  2599 | D:2      | Gained mutation: You are surrounded by a strong repulsion field. (EV +4, RMsl) [demonic ancestry]
  2599 | D:2      | Reached XP level 4. HP: 4/32 MP: 5/7
  2599 | D:2      | Reached ** piety under Uskayaw
  3288 | D:3      | Reached *** piety under Uskayaw
  3292 | D:3      | Reached XP level 5. HP: 19/37 MP: 8/8
  3292 | D:3      | Reached **** piety under Uskayaw
  4320 | D:3      | Noticed letownia2's ghost (weakling MfWz)
  4335 | D:3      | Killed letownia2's ghost
  5042 | D:4      | Reached skill level 5 in Unarmed Combat
  5042 | D:4      | Reached XP level 6. HP: 9/44 MP: 8/10
  5055 | D:4      | Learned a level 5 spell: Blade Hands
  5060 | D:4      | Learned a level 4 spell: Ice Form
  5674 | D:5      | Entered Level 5 of the Dungeon
  5674 | D:5      | Noticed an ice beast
  5715 | D:5      | Found a runed door.
  5715 | D:5      | Noticed a human
  5865 | D:5      | Found a basalt altar of Yredelemnul.
  6574 | D:4      | Gained mutation: A weak demonic guardian rushes to your aid. [demonic ancestry]
  6574 | D:4      | Reached XP level 7. HP: 13/50 MP: 10/12
  6806 | D:4      | Learned a level 2 spell: Sticks to Snakes
  7478 | D:5      | Found an ancient bone altar of Kikubaaqudgha.
  7972 | D:5      | Found a staircase to the Ecumenical Temple.
  8506 | D:6      | Reached skill level 6 in Unarmed Combat
  8506 | D:6      | Reached XP level 8. HP: 48/57 MP: 14/14
  9870 | D:6      | Reached skill level 5 in Spellcasting
  9882 | D:6      | Reached skill level 5 in Transmutations
 10640 | D:7      | Reached ***** piety under Uskayaw
 10741 | D:7      | Noticed a hippogriff
 10766 | D:6      | Gained mutation: You are slightly more attuned to the shadows. [demonic ancestry]
 10766 | D:6      | Reached XP level 9. HP: 29/64 MP: 6/17
 11050 | D:7      | Reached skill level 7 in Unarmed Combat
 11982 | D:7      | Found Busk's Jewellery Boutique.
 11987 | D:7      | Bought an uncursed amulet of regeneration for 420 gold pieces
 12527 | D:8      | Noticed a two-headed ogre
 12537 | D:8      | Killed a two-headed ogre
 12641 | D:8      | Found a sparkling altar of Nemelex Xobeh.
 12681 | D:8      | Noticed a troll
 12688 | D:8      | Killed a troll
 12688 | D:8      | Reached XP level 10. HP: 35/72 MP: 10/19
 12898 | D:8      | Reached skill level 8 in Unarmed Combat
 13080 | D:8      | Noticed Maurice
 13270 | D:9      | Found a staircase to the Orcish Mines.
 13341 | D:9      | Reached skill level 5 in Fighting
 13894 | D:9      | Reached skill level 5 in Dodging
 13978 | D:9      | Found a staircase to the Lair.
 14321 | D:9      | Noticed Psyche
 14327 | D:9      | Killed Psyche
 14567 | D:10     | Entered Level 10 of the Dungeon
 14698 | D:10     | Noticed a two-headed ogre
 14734 | D:10     | Killed a two-headed ogre
 15256 | D:11     | Reached skill level 9 in Unarmed Combat
 15260 | D:11     | Noticed an eight-headed hydra
 15273 | D:10     | Gained mutation: You have a pair of small horns on your head. [demonic ancestry]
 15273 | D:10     | Reached XP level 11. HP: 71/80 MP: 22/22
 15308 | Lair:1   | Entered Level 1 of the Lair of Beasts
 15984 | Lair:1   | Noticed a five-headed hydra
 16014 | Lair:1   | Killed a five-headed hydra
 16554 | Lair:2   | HP: 4/80 [yak (5)]
 16555 | Lair:2   | Slain by a yak

Skill      XL: |  1  2  3  4  5  6  7  8  9 10 11 |
---------------+----------------------------------+-----
Unarmed Combat | 3 4 5 6 7 9 |  9.4
Transmutations | 2 3 4 5 6 7 8 |  8.3
Dodging        | 2 3 4 5 |  5.8
Fighting       | 2 3 4 5 6 |  6.2
Spellcasting   | 3 4 5 6 7 8 |  8.4

Action                   |  1- 3 |  4- 6 |  7- 9 | 10-12 || total
-------------------------+-------+-------+-------+-------++-------
Melee: Unarmed           |   130 |   115 |   373 |   275 ||   893
       Punch             |     1 |     2 |     4 |    11 ||    18
       Kick              |     3 |     3 |     7 |       ||    13
       Dagger            |       |   120 |    22 |       ||   142
       Headbutt          |       |       |       |     8 ||     8
 Cast: Beastly Appendage |     3 |     1 |     3 |     1 ||     8
       Sticks to Snakes  |       |       |    25 |     9 ||    34
       Blade Hands       |       |       |    11 |    23 ||    34
       Ice Form          |       |       |       |     1 ||     1
Invok: Stomp             |       |       |     1 |       ||     1
 Abil: End Transformatio |       |       |       |     1 ||     1
Evoke: Wand              |       |     5 |       |       ||     5
  Use: Scroll            |     4 |     4 |     2 |     6 ||    16
       Potion            |       |       |     1 |       ||     1
 Stab: Sleeping          |     1 |     3 |     3 |     5 ||    12
       Paralysed         |       |     2 |     5 |     4 ||    11
       Distracted        |       |       |     3 |     4 ||     7
  Eat: Chunk             |     4 |     9 |    12 |    18 ||    43
       Ration            |       |     1 |     4 |       ||     5
Armor: Robe              |    14 |    23 |    41 |    31 ||   109
       Ring mail         |       |       |       |    13 ||    13
Dodge: Dodged            |    84 |   198 |   303 |   188 ||   773
       Deflected         |       |    10 |     5 |     2 ||    17

Vault maps used:
D:1:      enne_arrival_octagon_isle
D:2:      gammafunk_temple_overflow_claw, lemuel_doored_altar,
          serial_bayou_pond_d, uniq_jessica
D:3:      first_ration
D:4:      glass_columns_b
D:5:      kiku_gazebo_pond_becter, lemuel_temple_firewalk_b,
          dk_yredelemnul_ordeal
D:7:      serial_shops, kennysheep_little_box
D:8:      nemelex_xobeh_ov_fountains_minmay, uniq_maurice
D:9:      grunt_lair_entry_orc_guard_hut, orc_0_dummy, uniq_psyche
D:11:     the_bakery, minmay_misc_feat_alley
Lair:1:   nicolae_quartered_pool_little, serial_bayou_shore_b,
          grunt_megastairs_5
Lair:2:   eino_house_with_fridge
